Map: Polka LE

Players

LouisDCLXVI - Winner!

  • Race: Zerg Zerg
  • League: Diamond
  • Spawn Location: 11:00

Burzum - Winner!

  • Race: Protoss Protoss
  • Spawn Location: 11:00

qqq

  • Race: Zerg Zerg
  • League: Platinum
  • Spawn Location: 5:00

Massa

  • Race: Terran Terran
  • League: Platinum
  • Spawn Location: 5:00

VOD

Have the link to the VOD?

Description

Time

  • Played on: Jan. 2, 2021, 4:05 p.m.
  • Length: 17:01
Show
View Real Time Build Order
Export as new Build Order

LouisDCLXVI Zerg - Winner!

Build Orders: Pool First 

Get SALT Encoding   

  12  0:03  Drone  
  13  0:08  Drone  
  14  0:18  Overlord  
  14  0:23  Extractor, Drone  
  15  0:39  Extractor  
  15  0:41  Spawning Pool  
  13  0:44  Drone  
  14  0:50  Drone  
  14  0:52  Drone  
  16  0:58  Drone  
  17  1:32  Zergling x4  
  17  1:33  Queen, Zergling x2  
  21  1:42  Metabolic Boost  
  21  1:58  Hatchery  
  20  2:03  Drone  
  21  2:16  Extractor, Queen  
  21  2:21  Overlord  
  23  2:49  Zergling x10  
  23  2:50  Zergling x2  
  29  3:09  Queen  
  29  3:12  Zergling x6  
  31  3:21  Zergling x2  
  31  3:25  Zergling x2  
  31  3:44  Zergling x8  
  28  3:58  Zergling x6  
  27  4:17  Zergling x2  
  25  4:31  Zergling x4  
  26  4:35  Zergling x6  
  28  4:43  Queen  
  30  4:46  Zergling x8  
  30  4:47  Zergling x2  
  30  4:50  Zergling x2  
  36  5:30  Overlord x2  
  36  5:39  Queen  
  35  5:46  Queen  
  35  5:48  Zergling x2  
  37  5:51  Drone x3  
  37  5:56  Drone x5  
  45  6:02  Drone  
  45  6:03  Drone  
  44  6:13  Drone x2  
  41  6:28  Drone x2  
  41  6:29  Drone  
  41  6:30  Drone x4  
  41  6:31  Drone  
  49  6:38  Drone  
  49  6:42  Drone  
  49  6:44  Hatchery  
  49  6:48  Drone  
  50  6:59  Lair  
  51  7:01  Drone x3, Extractor  
  51  7:04  Extractor  
  51  7:05  Drone x2, Extractor  
  51  7:06  Drone, Evolution Chamber  
  51  7:07  Evolution Chamber  
  51  7:08  Overlord x2  
  51  7:18  Drone  
  51  7:19  Overlord  
  52  7:25  Queen  
  52  7:26  Overlord  
  52  7:27  Drone x2  
  52  7:28  Drone x3  
  59  7:43  Zerg Ground Armor Level 1  
  59  7:44  Zerg Melee Weapons Level 1  
  59  7:47  Overlord  
  59  7:49  Drone x3, Baneling Nest  
  59  7:50  Drone  
  62  7:56  Drone x3, Zergling x2  
  66  8:13  Queen  
  66  8:14  Queen  
  66  8:18  Queen  
  72  8:24  Nydus Network  
  71  8:39  Drone x2  
  71  8:40  Overlord x2  
  71  8:41  Drone x3  
  76  8:42  Extractor x2  
  76  8:46  Zergling x10  
  76  8:47  Zergling x6  
  82  8:50  Queen  
  84  9:09  Nydus Canal  
  84  9:12  Overlord x2  
  84  9:13  Pneumatized Carapace  
  84  9:16  Overseer x2  
  84  9:28  Nydus Canal  
  84  9:30  Zergling x10  
  89  9:34  Zergling x4  
  89  9:35  Zergling x4  
  93  9:38  Zerg Missile Weapons Level 1  
  88  10:02  Spore Crawler  
  88  10:03  Spore Crawler  
  88  10:04  Drone x6, Spore Crawler  
  88  10:05  Drone x3  
  88  10:06  Spore Crawler  
  84  10:14  Spore Crawler  
  84  10:15  Spore Crawler  
  84  10:18  Spore Crawler x2  
  84  10:20  Spore Crawler x3  
  76  10:25  Drone x3  
  76  10:26  Spire  
  76  10:27  Spire  
  77  10:31  Spore Crawler  
  77  10:35  Queen  
  78  10:40  Nydus Canal  
  78  10:45  Zergling x14  
  85  10:53  Queen  
  85  10:55  Drone x2  
  85  10:56  Drone x2  
  91  10:58  Spore Crawler  
  90  11:10  Queen  
  92  11:14  Zergling x2  
  92  11:15  Zergling x10  
  71  11:40  Zerg Ground Armor Level 2  
  71  11:41  Zerg Melee Weapons Level 2  
  71  11:42  Centrifical Hooks  
  71  11:44  Zerg Flyer Weapons Level 1  
  71  11:45  Zerg Flyer Armor Level 1  
  68  12:15  Zergling x2  
  68  12:16  Zergling x28  
  68  12:17  Hatchery  
  68  12:21  Infestation Pit  
  79  12:34  Baneling x3  
  79  12:35  Baneling x5  
  79  12:37  Overlord x2  
  79  12:43  Nydus Canal  
  79  12:46  Baneling  
  79  12:47  Baneling x4  
  79  12:52  Mutalisk x6  
  79  12:53  Mutalisk x5  
  79  12:57  Hive  
  101  13:05  Baneling x4  
  101  13:10  Mutalisk x2  
  96  13:28  Overseer  
  96  13:29  Mutalisk, Overseer  
  96  13:31  Zergling x12  
  104  13:47  Nydus Canal  
  104  13:50  Mutalisk x2  
  104  13:51  Zergling x6  
  111  14:02  Nydus Canal  
  111  14:03  Mutalisk  
  111  14:06  Baneling x4  
  111  14:09  Zergling x6  
  117  14:10  Drone x6  
  122  14:19  Zerg Flyer Weapons Level 2  
  124  14:24  Zergling x10  
  124  14:26  Burrow  
  124  14:27  Drone  
  128  14:32  Queen  
  128  14:33  Spore Crawler  
  128  14:37  Nydus Canal  
  129  14:42  Baneling  
  129  14:43  Baneling x6  
  129  14:44  Zergling x10  
  129  14:45  Drone, Zergling x2  
  131  15:03  Mutalisk x2  
  131  15:05  Zergling x2  
  118  15:14  Mutalisk x2  
  118  15:26  Mutalisk  
  118  15:27  Overlord x2  
  118  15:28  Drone x2, Overlord x2  
  122  15:40  Extractor  
  122  15:41  Extractor  
  120  15:44  Zergling x12  
  125  16:04  Mutalisk x2  
  125  16:05  Mutalisk x2  
  131  16:28  Zergling x12  
  131  16:29  Zergling x6  
Show
View Real Time Build Order
Export as new Build Order

Burzum Protoss - Winner!

Build Orders:  

Get SALT Encoding   

  12  0:00  Probe  
  13  0:13  Probe  
  14  0:18  Pylon  
  14  0:25  Probe  
  15  0:43  Gateway  
  15  0:55  Assimilator  
  15  0:57  Probe (Chrono Boost), Assimilator  
  15  1:00  Pylon  
  16  1:07  Probe (Chrono Boost)  
  17  1:21  Assimilator  
  17  1:23  Probe  
  18  1:32  Cybernetics Core  
  18  1:36  Probe  
  19  1:48  Probe  
  20  2:07  Probe  
  21  2:26  Probe  
  22  2:31  Warp Gate (Chrono Boost)  
  22  2:37  Pylon  
  22  2:38  Probe  
  23  2:52  Gateway, Nexus  
  23  2:54  Pylon  
  23  2:55  Pylon  
  23  2:56  Gateway  
  25  3:34  Stalker (Chrono Boost)  
  25  3:38  Robotics Facility  
  23  3:41  Stalker (Chrono Boost)  
  23  3:46  Stalker (Chrono Boost)  
  23  4:29  Immortal (Chrono Boost)  
  23  4:30  Stalker x3  
  29  4:36  Probe x2  
  35  4:48  Probe  
  36  4:58  Stalker x3  
  38  5:17  Probe x2  
  40  5:29  Probe x2  
  40  5:31  Stalker x3  
  48  5:57  Probe x2  
  50  6:07  Warp Prism (Chrono Boost)  
  50  6:09  Probe (Chrono Boost), Stalker x3  
  50  6:10  Probe (Chrono Boost)  
  60  6:21  Probe (Chrono Boost)  
  60  6:22  Probe (Chrono Boost)  
  60  6:25  Pylon  
  62  6:43  Probe x2, Observer  
  65  6:55  Probe x2  
  67  7:01  Adept  
  69  7:23  Probe  
  69  7:25  Pylon  
  69  7:29  Pylon, Assimilator  
  70  7:33  Assimilator  
  70  7:34  Pylon  
  70  7:36  Pylon  
  70  7:52  Stalker  
  70  7:53  Stalker x2  
  70  7:58  Immortal  
  78  8:20  Sentry x2  
  78  8:21  Sentry  
  66  8:50  Warp Prism (Chrono Boost)  
  66  8:51  Stalker x3  
  66  8:54  Probe  
  72  8:55  Probe  
  70  9:06  Probe  
  55  9:22  Probe  
  56  9:25  Gateway  
  56  9:28  Gateway  
  56  9:29  Gateway  
  56  9:30  Gateway  
  56  9:32  Gateway, Stalker x3  
  56  9:35  Immortal  
  66  9:41  Nexus  
  66  9:45  Assimilator  
  66  9:49  Pylon  
  66  9:55  Adept x2  
  66  9:56  Assimilator, Adept  
  72  10:03  Twilight Council  
  72  10:06  Forge  
  72  10:08  Probe, Pylon  
  72  10:09  Probe  
  72  10:13  Pylon  
  74  10:20  Probe  
  74  10:21  Probe, Stalker x4  
  79  10:22  Stalker  
  79  10:27  Pylon  
  86  10:43  Photon Cannon  
  86  10:46  Photon Cannon  
  86  10:48  Photon Cannon  
  86  10:49  Photon Cannon  
  86  10:51  Photon Cannon  
  86  10:55  Photon Cannon  
  86  10:56  Sentry x2  
  90  10:57  Sentry x3  
  90  10:58  Sentry  
  90  11:10  Probe x3  
  93  11:22  Probe x3  
  96  11:34  Probe  
  63  12:13  Blink (Chrono Boost)  
  63  12:14  Stalker x2  
  63  12:15  Stalker x4  
  57  12:16  Stalker  
  57  12:20  Zealot  
  63  12:25  Probe x2, Photon Cannon, Immortal (Chrono Boost)  
  63  12:26  Probe  
  70  12:37  Probe  
  71  12:46  Templar Archives  
  71  12:47  Stalker x2  
  71  12:48  Stalker x3  
  81  12:54  Immortal (Chrono Boost)  
  81  12:57  Protoss Ground Weapons Level 1 (Chrono Boost)  
  85  13:06  Probe (Chrono Boost)  
  85  13:09  Psionic Storm  
  85  13:11  Probe x2 (Chrono Boost)  
  88  13:16  Probe (Chrono Boost)  
  90  13:20  Probe (Chrono Boost)  
  90  13:26  Immortal (Chrono Boost)  
  94  13:34  High Templar x3  
  100  13:43  Probe x2  
  102  13:58  High Templar  
  102  13:59  Charge, High Templar  
  106  14:02  Immortal (Chrono Boost)  
  110  14:12  Zealot x3  
  110  14:13  Zealot x2  
  120  14:39  Stalker x4  
  120  14:40  Stalker x4  
  120  14:42  Immortal  
  140  14:55  Pylon, Nexus  
  111  16:17  Stalker x3  
  111  16:18  Stalker x4  
  125  16:30  Stalker  
Show
View Real Time Build Order
Export as new Build Order

qqq Zerg 

Build Orders: Hatch First 

Get SALT Encoding   

  12  0:01  Drone  
  13  0:10  Drone  
  14  0:19  Overlord  
  14  0:44  Hatchery  
  14  0:47  Drone  
  14  0:50  Extractor  
  14  0:55  Drone  
  14  0:59  Drone  
  15  1:30  Spawning Pool  
  14  1:36  Drone  
  14  1:37  Drone x2  
  17  1:54  Drone  
  18  1:56  Drone  
  18  2:01  Drone  
  20  2:13  Drone  
  20  2:14  Drone  
  22  2:20  Metabolic Boost  
  22  2:22  Queen  
  24  2:25  Drone  
  24  2:26  Drone  
  26  2:32  Overlord  
  26  2:36  Zergling x2  
  27  2:41  Zergling x2  
  28  2:47  Overlord  
  28  2:51  Zergling x2  
  28  2:53  Zergling x2  
  30  3:03  Zergling x2  
  30  3:08  Zergling x2  
  30  3:17  Zergling x2  
  30  3:18  Zergling x2  
  32  3:23  Queen  
  34  3:28  Zergling x2  
  34  3:29  Zergling x2  
  36  3:34  Zergling x2  
  36  3:38  Zergling x2  
  38  3:44  Baneling Nest  
  37  3:50  Zergling x2  
  37  3:51  Zergling x2  
  37  3:56  Zergling x6  
  37  3:57  Overlord  
  40  4:05  Zergling x2  
  40  4:06  Zergling x2  
  38  4:11  Zergling x2  
  38  4:20  Zergling x2  
  35  4:33  Zergling x8  
  35  4:35  Baneling x4  
  35  4:37  Zergling x2  
  40  4:42  Zergling x2  
  40  4:45  Hatchery, Zergling x2  
  39  5:20  Zergling x6  
  41  5:22  Lair  
  41  5:23  Drone x4  
  41  5:28  Baneling x2  
  45  5:33  Drone  
  45  5:34  Zergling x2  
  40  5:53  Baneling  
  40  5:54  Baneling x4  
  40  5:55  Baneling, Zergling x4  
  42  5:57  Zergling x4  
  38  6:23  Zergling x4  
  38  6:24  Drone x6  
  46  6:31  Spire  
  41  6:44  Zergling x4  
  41  6:45  Zergling x4  
  42  6:54  Spine Crawler  
  42  6:55  Spine Crawler, Zergling x4  
  42  6:56  Zergling x2  
  42  7:00  Zergling x2  
  39  7:20  Spine Crawler  
  39  7:21  Spine Crawler  
  37  7:27  Zergling x6  
  37  7:28  Zergling x4  
  37  7:29  Zergling x12  
  44  7:45  Zergling x2  
  44  7:46  Zergling x4  
  44  7:47  Zergling x2  
  46  8:05  Baneling x6  
  46  8:06  Baneling x5  
  46  8:10  Zergling x4  
  46  8:11  Zergling x6  
  46  8:12  Zergling x8  
  40  8:37  Zergling x6  
  40  8:38  Zergling x4  
  40  8:39  Zergling x12  
  42  8:49  Zergling x2  
  42  8:50  Zergling x4  
  42  8:54  Zergling x6  
  48  9:07  Drone x2  
  48  9:08  Mutalisk  
  47  9:26  Drone x4  
  47  9:27  Zergling x6  
  47  9:28  Zergling x2  
  53  9:47  Hatchery  
  53  9:52  Zergling x8  
  56  9:53  Zergling x4  
  56  9:56  Mutalisk  
  56  9:57  Mutalisk  
  56  9:59  Hatchery  
  57  10:06  Hatchery  
  55  10:14  Drone x3  
  55  10:15  Overlord  
  55  10:16  Overlord x3  
  55  10:17  Overlord  
  55  10:20  Extractor  
  56  10:23  Drone  
  57  10:31  Extractor, Queen  
  57  10:32  Extractor  
  57  10:33  Extractor  
  57  10:35  Extractor  
  55  10:40  Drone x4  
  55  10:42  Mutalisk  
  61  10:50  Drone x2  
  61  10:51  Drone  
  64  11:07  Drone x4  
  64  11:08  Drone  
  68  11:12  Mutalisk  
  69  11:18  Zergling x4  
  69  11:19  Zergling x12  
  69  11:21  Drone  
  78  11:36  Mutalisk  
  78  11:37  Zergling x4  
  78  11:38  Zergling x6  
  79  11:45  Mutalisk  
  79  11:47  Zergling x6  
  76  11:48  Drone x5  
  76  11:49  Drone  
  81  11:55  Mutalisk  
  81  11:56  Drone x2  
  81  11:57  Drone x2  
  85  12:11  Drone x5  
  88  12:18  Spine Crawler  
  87  12:25  Drone x3  
  87  12:26  Drone x2  
  87  12:28  Drone x3  
  95  12:30  Drone  
  95  12:31  Drone x2  
  95  12:34  Queen  
  95  12:35  Drone x5  
  95  12:36  Overlord  
  105  12:38  Mutalisk  
  107  12:47  Infestation Pit  
  103  13:07  Mutalisk x3  
  103  13:08  Mutalisk x2  
  103  13:09  Drone  
  103  13:10  Drone x9  
  123  13:17  Overlord x4  
  123  13:18  Overlord  
  113  13:29  Pneumatized Carapace  
  113  13:31  Drone x4  
  117  13:39  Hatchery  
  117  13:40  Drone x3, Spine Crawler  
  117  13:41  Extractor  
  117  13:44  Spine Crawler  
  117  13:46  Drone x3, Spine Crawler x2  
  117  13:50  Spine Crawler  
  117  13:51  Mutalisk  
  117  13:52  Spine Crawler  
  117  13:54  Drone x3  
  120  14:03  Zerg Flyer Weapons Level 1  
  120  14:05  Hive  
  120  14:06  Drone x3, Mutalisk x2  
  127  14:16  Drone x3  
  130  14:23  Mutalisk x3  
  130  14:24  Mutalisk x3  
  142  14:33  Overseer  
  142  14:37  Mutalisk x2  
  146  14:39  Drone x4  
  150  14:49  Spine Crawler  
  150  14:51  Spine Crawler x3  
  144  14:54  Spine Crawler, Spore Crawler  
  144  14:56  Spore Crawler  
  114  15:17  Mutalisk  
  114  15:18  Mutalisk x5  
  112  15:28  Viper  
  112  15:35  Spore Crawler  
  109  15:38  Drone x7, Spore Crawler  
  109  15:39  Drone x2  
  109  15:41  Zergling x8  
  109  15:42  Zergling x12  
  120  15:47  Spine Crawler  
  120  15:48  Spine Crawler  
  118  15:50  Spine Crawler  
  88  16:06  Mutalisk x3  
  78  16:21  Mutalisk  
  78  16:23  Zergling x4  
  82  16:29  Drone  
  82  16:34  Mutalisk  
Show
View Real Time Build Order
Export as new Build Order

Massa Terran 

Build Orders:  

Get SALT Encoding   

  12  0:00  SCV  
  13  0:12  SCV  
  14  0:24  Supply Depot  
  14  0:28  SCV  
  14  0:34  Refinery  
  15  0:46  SCV  
  16  0:58  SCV  
  16  1:02  Barracks  
  17  1:10  SCV  
  18  1:15  Barracks  
  18  1:23  SCV, Supply Depot  
  19  1:37  SCV  
  20  1:49  Barracks Tech Lab  
  20  1:54  Orbital Command  
  20  2:02  Barracks Tech Lab  
  20  2:07  Marauder  
  22  2:10  Stimpack  
  22  2:25  Marauder  
  22  2:29  Marauder  
  26  2:41  Supply Depot  
  26  2:44  Supply Depot  
  26  2:54  Bunker  
  26  3:03  Marauder x2  
  30  3:24  Marauder x2  
  30  3:26  Bunker  
  27  3:46  Marauder x2  
  31  4:07  Marauder x2, Command Center  
  27  4:29  Marauder x2  
  29  4:50  Marauder x2  
  29  4:56  SCV  
  28  5:08  SCV  
  25  5:21  SCV  
  26  5:28  Barracks  
  22  5:33  SCV  
  22  5:35  Orbital Command  
  23  5:39  Barracks  
  23  5:41  Barracks, Supply Depot  
  23  5:43  Barracks  
  23  5:45  SCV  
  24  5:57  SCV  
  25  6:09  SCV  
  26  6:17  Barracks Tech Lab  
  26  6:28  Barracks Tech Lab  
  26  6:29  Marine  
  27  6:34  SCV  
  27  6:35  SCV  
  27  6:37  Marine  
  27  6:38  Marauder  
  32  6:47  Marine  
  32  6:48  Marauder  
  32  6:52  Bunker  
  32  6:54  Bunker  
  35  6:55  Marine  
  35  6:59  Marine  
  31  7:05  Marine  
  31  7:07  SCV x2  
  30  7:10  Marauder  
  30  7:13  Marine  
  28  7:24  Barracks x2  
  28  7:25  Barracks  
  28  7:27  Barracks  
  27  7:30  Barracks  
  27  7:31  Barracks  
  27  7:32  Marine x3  
  27  7:37  SCV x2  
  27  7:49  Marine  
  30  7:53  Bunker  
  30  7:56  Bunker  
  25  8:00  Bunker  
  25  8:03  Marine  
  24  8:07  Marine  
  24  8:12  Marine x2  
  22  8:13  Marine  
  22  8:14  Marine  
  22  8:17  Marine  
  22  8:18  Marine  
  27  8:20  Marine  
  27  8:25  Marine  
  29  8:30  Marine x2  
  31  8:38  Marine  
  32  8:42  Marine x4  
  32  8:48  Marine x2  
  31  8:56  SCV x2, Marine  
  31  8:59  Marine  
  31  9:00  Marine  
  32  9:08  Marine  
  32  9:09  Marine x3  
  36  9:20  Supply Depot  
  36  9:21  Barracks Tech Lab x2  
  36  9:22  Barracks Tech Lab  
  36  9:34  Marine x3  
  36  9:35  Marine  
  40  9:42  Combat Shield  
  40  9:43  Supply Depot  
  30  10:09  Marauder, Marine x3  
  30  10:10  Marauder x2, Marine  
  40  10:19  SCV  
  40  10:20  SCV  
  42  10:27  Marine  
  43  10:28  Concussive Shells  
  43  10:30  Marine  
  43  10:31  SCV, Marauder x2  
  43  10:34  SCV  
  50  10:40  Refinery  
  50  10:44  SCV, Supply Depot  
  51  11:07  Marauder x2, Marine x3  
  51  11:10  SCV x2  
  60  11:22  SCV x2  
  62  11:34  SCV, Marauder, Marine x2  
  62  11:35  Marauder x2, Marine x2  
  70  11:52  Marine x2  
  72  11:56  Marauder x2  
  68  12:31  Factory  
  68  12:32  Refinery, Factory  
  68  12:34  Refinery, Command Center  
  68  12:40  Engineering Bay  
  68  12:45  Supply Depot  
  68  12:49  SCV  
  68  12:50  SCV  
  70  13:08  Supply Depot  
  70  13:14  Marauder x2, Marine x2  
  70  13:15  Marauder, Marine x2  
  80  13:26  Terran Infantry Weapons Level 1  
  80  13:28  Factory Tech Lab, Factory Reactor  
  80  13:32  Supply Depot  
  80  13:35  Starport  
  80  13:42  SCV  
  80  13:43  SCV  
  82  13:55  SCV x2  
  84  14:22  Planetary Fortress  
  84  14:25  SCV x2  
  84  14:30  Medivac  
  88  14:32  Siege Tank  
  88  14:33  Widow Mine x2  
  88  14:37  SCV x2  
  97  14:49  SCV  
  97  14:50  SCV, Missile Turret  
  99  14:54  Missile Turret  
  99  14:55  Widow Mine x2  
  99  14:58  Missile Turret  
  99  14:59  Medivac  
  91  15:04  Siege Tank  
  47  15:27  Widow Mine  
  47  15:28  Widow Mine  
  48  15:29  Marine x2  
  48  15:30  Marauder x2, Marine x2  
  48  15:32  Medivac  
  56  15:46  Marine  
  56  15:47  Marine  
  56  15:48  Marine x2  
  56  15:49  Widow Mine x2  
  61  15:51  Marauder x2  
  47  16:02  Medivac  
  42  16:04  Marine  
  42  16:05  Marine  
  33  16:12  Marauder  
  33  16:13  Marauder  
  30  16:20  Marine  
  30  16:21  Marine  
  30  16:22  Marine  
  30  16:25  SCV  
  30  16:31  SCV  
  27  16:34  Marauder  
  27  16:38  Marine  
  27  16:39  Marauder  
Tags
 
Add a new tag
Caveats
  • Supply blocks, unpowered buildings, or Contaminate may cause inaccurate times.
  • Supply counts are checked every 10 seconds.